 Dungeon Crawl Stone Soup version 0.21-a0-513-gdcb3f5e (webtiles) character file.

4741 tof the Skirmisher (level 10, -6/88 HPs)
             Began as a Demonspawn Gladiator on Nov 30, 2017.
             Was a Priest of Wu Jian.
             Mangled by a steam dragon (8 damage)
             ... on level 8 of the Dungeon on Dec 1, 2017.
             The game lasted 00:20:18 (8760 turns).

tof the Skirmisher (Demonspawn Gladiator)           Turns: 8760, Time: 00:20:19

Health: -6/88      AC:  5    Str: 14    XL:     10   Next: 22%
Magic:  10/10      EV: 17    Int:  9    God:    Wu Jian [***...]
Gold:   491        SH:  0    Dex: 17    Spells: 9/9 levels left

rFire    . . .     SeeInvis .   a - +0 quarterstaff
rCold    + . .     Gourm    .   (shield currently unavailable)
rNeg     . . .     Faith    .   l - +2 leather armour {rC+}
rPois    .         Spirit   .   (no helmet)
rElec    .         Reflect  .   (no cloak)
rCorr    .         Harm     .   (no gloves)
MR       .....                  (no boots)
Stlth    ++........             (no amulet)
HPRegen  0.24/turn              t - ring of wizardry
MPRegen  0.12/turn              E - ring of flight

@: no status effects
A: claws 2, hooves 1, dopey 1, mutation resistance 1, nightstalker 1, robust 1,
spiny 3
a: Serpent's Lash, Renounce Religion, Evoke Flight


You were on level 8 of the Dungeon.
You worshipped Wu Jian.
Wu Jian was most pleased with you.
You were not hungry.

You visited 2 branches of the dungeon, and saw 9 of its levels.
You also visited: Ossuary.

You collected 491 gold pieces.

Inventory:

Hand Weapons
 a - a +0 quarterstaff (weapon)
 s - a +0 club
Missiles
 d - 3 throwing nets
 y - 3 javelins
 D - 9 tomahawks (quivered)
Armour
 c - a +0 helmet
 l - a +2 leather armour of cold resistance (worn)
Jewellery
 e - an uncursed ring of ice
 t - a ring of wizardry (left claw)
 E - a ring of flight (right claw)
Scrolls
 h - a scroll of magic mapping
 m - 3 scrolls of amnesia
 n - 3 scrolls of blinking
 o - 3 scrolls of remove curse
 p - 9 scrolls of teleportation
 v - 2 scrolls of random uselessness
 x - a scroll of immolation
 A - 7 scrolls of fear
Potions
 b - 2 potions of flight {unknown}
 j - a potion of degeneration {unknown}
 k - a potion of lignification
 w - 3 potions of magic
 z - 3 potions of berserk rage
 B - 3 potions of heal wounds
 C - 2 potions of might
 F - 3 potions of cancellation
 H - a potion of haste
Books
 u - a book of Cantrips

   Spells                             Type                      Level
   a - Confusing Touch                Hexes                        1
   b - Animate Skeleton               Necromancy                   1
   c - Summon Small Mammal            Summoning                    1
   d - Apportation                    Translocation                1
 G - a book of Maledictions

   Spells                             Type                      Level
   a - Corona                         Hexes                        1
   b - Ensorcelled Hibernation        Hexes/Ice                    2
   c - Confuse                        Hexes                        3
   d - Tukima's Dance                 Hexes                        3
   e - Dazzling Spray                 Conjuration/Hexes            3
Comestibles
 f - 8 bread rations
 g - 2 royal jellies
 i - a fruit
 q - 2 meat rations


   Skills:
 + Level 7.8 Fighting
 + Level 7.4 Staves
 + Level 7.1 Throwing
 + Level 7.4 Dodging


You had 9 spell levels left.
You didn't know any spells.

Dungeon Overview and Level Annotations

Branches:
Dungeon (8/15)             Temple (1/1) D:5
   Lair: D:8-11

Altars:
Cheibriados
Dithmenos
Gozag
Hepliaklqana
Makhleb
Okawaru
Sif Muna
Trog
Uskayaw
Wu Jian
Yredelemnul
Zin
The Shining One

Annotations:
D:3 Swippen's ghost, amateur MiFi


Innate Abilities, Weirdness & Mutations

You have very sharp fingernails.
You have large cloven feet.
You are slightly more attuned to the shadows.
You are completely covered in sharp spines.
You are dopey. (Int -2)
You are somewhat resistant to further mutation.
You are robust. (+10% HP)


Message History

The Council accepts your kill. The komodo dragon closely misses you.
You hit the komodo dragon.
The komodo dragon is heavily wounded.
The steam dragon is struck by your spines.
The steam dragon bites you! The steam dragon misses you.
The komodo dragon is struck by your spines.
The komodo dragon misses you.
You sock the komodo dragon!
The komodo dragon is severely wounded.
The steam dragon breathes steam at you. The ball of steam hits you!
The komodo dragon bites you!!
* * * LOW HITPOINT WARNING * * *
You closely miss the komodo dragon.
The komodo dragon is severely wounded.
You are engulfed in a cloud of scalding steam.
* * * LOW HITPOINT WARNING * * *
The steam dragon is struck by your spines.
The steam dragon bites you!
You die...

#.........#
##...######...#
#.........#
#..#....#...###
###......##
#.##.........##
##..##.#
#.#...........#
########
###############
###..####.#####.# ..
###.#.###.........###
#.#.##....D...###.....#
..#.......@l..##
#.##..####
..l......##.###
###.##...#
.......#.#### #######.
...ยง..###.. ## ...#.#
### #$### ##


You could see a komodo dragon and a steam dragon.

Vanquished Creatures
  The ghost of esteth the Chiller, a novice MfIE (D:6)
  A komodo dragon (D:8)
  A hippogriff (D:8)
  Sigmund (D:2)
  2 wyverns (D:8)
  A yak (D:8)
  Edmund (D:5)
  3 ice beasts
  3 sky beasts
  8 ogres
  A centaur (D:5)
  A big kobold (D:8)
  A bullfrog (D:8)
  10 scorpions
  3 crimson imps
  3 howler monkeys (D:7)
  3 centaur zombies
  A centaur skeleton (D:5)
  3 orc priests
  A jelly (D:6)
  2 human zombies (Ossuary)
  7 orc wizards
  2 hounds
  A bullfrog skeleton (D:8)
  An iguana (D:8)
  Terence (D:2)
  2 worker ants
  Natasha (thrice) (D:2)
  2 killer bee zombies
  A big kobold zombie (Ossuary)
  A hound skeleton (D:7)
  3 mummies (Ossuary)
  9 adders
  5 scorpion zombies (Ossuary)
  A shadow imp (D:7)
  2 white imps (D:8)
  An ufetubus (D:8)
  2 oozes (D:4)
  An adder skeleton (D:7)
  3 worms
  2 dart slugs
  2 leopard geckos
  16 orcs
  6 giant cockroaches
  7 goblins
  7 hobgoblins
  3 jackals (D:8)
  4 quokkas
  2 ball pythons
  8 bats
  3 frilled lizards
  A goblin zombie (Ossuary)
  A hobgoblin zombie (Ossuary)
  14 kobolds
  4 kobold zombies (Ossuary)
  A leopard gecko skeleton (D:4)
  2 orc zombies (Ossuary)
  A rat (D:1)
  A plant (D:2)
184 creatures vanquished.

Vanquished Creatures (others)
  A scorpion (Ossuary)
1 creature vanquished.

Grand Total: 185 creatures vanquished

Notes
Turn   | Place    | Note
-------+----------+-------------------------------------------
     0 | D:1      | tof the Demonspawn Gladiator began the quest for the Orb.
     0 | D:1      | Reached XP level 1. HP: 16/16 MP: 1/1
   295 | D:1      | Gained mutation: You are partially covered in sharp spines. [demonic ancestry]
   295 | D:1      | Reached XP level 2. HP: 17/22 MP: 2/2
   697 | D:2      | Found a snail-covered altar of Cheibriados.
   716 | D:2      | Gained mutation: You have large cloven feet. [demonic ancestry]
   716 | D:2      | Reached XP level 3. HP: 27/28 MP: 3/3
   821 | D:2      | Found a glowing golden altar of the Shining One.
   828 | D:2      | Found a hazy altar of Hepliaklqana.
   828 | D:2      | Found an iron altar of Okawaru.
   830 | D:2      | Found a bloodstained altar of Trog.
   830 | D:2      | Noticed Natasha
   843 | D:2      | Killed Natasha
  1084 | D:2      | Noticed Natasha
  1122 | D:2      | Killed Natasha
  1122 | D:2      | Gained mutation: You are slightly more attuned to the shadows. [demonic ancestry]
  1122 | D:2      | Reached XP level 4. HP: 21/34 MP: 4/4
  1128 | D:2      | Noticed Natasha
  1331 | D:2      | Killed Natasha
  1607 | D:2      | Noticed Terence
  1620 | D:2      | Killed Terence
  1620 | D:2      | Gained mutation: You are mostly covered in sharp spines. [demonic ancestry]
  1620 | D:2      | Reached XP level 5. HP: 24/41 MP: 5/5
  1754 | D:2      | Noticed Sigmund
  2249 | D:3      | Noticed Swippen's ghost (amateur MiFi)
  2493 | D:2      | Found a basalt altar of Yredelemnul.
  2499 | D:2      | Found an opulent altar of Gozag.
  2669 | D:2      | Killed Sigmund
  2669 | D:2      | Gained mutation: You have sharp fingernails. [demonic ancestry]
  2669 | D:2      | Reached XP level 6. HP: 42/48 MP: 6/6
  2893 | D:4      | Upgraded the game from 0.21-a0-509-gecc5317 to 0.21-a0-513-gdcb3f5e
  3704 | D:5      | Entered Level 5 of the Dungeon
  3728 | D:5      | Reached XP level 7. HP: 39/54 MP: 7/7
  3834 | D:5      | Found a snail-covered altar of Cheibriados.
  4777 | D:5      | Noticed Edmund
  4797 | D:5      | HP: 2/55 [Edmund/dire flail of venom (2)]
  4802 | D:5      | Killed Edmund
  4802 | D:5      | Reached skill level 5 in Fighting
  4802 | D:5      | Reached skill level 5 in Staves
  4802 | D:5      | Reached skill level 5 in Dodging
  4802 | D:5      | Reached XP level 8. HP: 26/62 MP: 8/8
  5079 | D:5      | Found a staircase to the Ecumenical Temple.
  5086 | Temple   | Entered the Ecumenical Temple
  5132 | Temple   | Became a worshipper of the Wu Jian Council
  5328 | D:6      | Noticed esteth's ghost (novice MfIE)
  5361 | D:6      | Killed esteth's ghost
  5481 | D:6      | Reached skill level 5 in Throwing
  6499 | D:7      | Reached * piety under Wu Jian
  6736 | D:7      | Gained mutation: You are completely covered in sharp spines. [demonic ancestry]
  6736 | D:7      | Reached XP level 9. HP: 69/69 MP: 9/9
  7009 | D:7      | Gained mutation: You have a pair of small horns on your head. [mutagenic meat]
  7010 | D:7      | Gained mutation: Your magical capacity is low. (-10% MP) [mutagenic meat]
  7011 | D:7      | Gained mutation: You have a pair of horns on your head. [mutagenic meat]
  7012 | D:7      | Gained mutation: Your natural rate of healing is unusually fast. [mutagenic meat]
  7013 | D:7      | Gained mutation: You have hoof-like feet. [mutagenic meat]
  7316 | D:8      | Found a sand-covered staircase.
  7321 | Ossuary  | Entered an ossuary
  7504 | Ossuary  | Reached ** piety under Wu Jian
  7751 | D:8      | Lost mutation: You have hoof-like feet. [potion of mutation]
  7751 | D:8      | Lost mutation: Your magical capacity is low. (-10% MP) [potion of mutation]
  7751 | D:8      | Lost mutation: You have a pair of horns on your head. [potion of mutation]
  7751 | D:8      | Lost mutation: You have a pair of small horns on your head. [potion of mutation]
  7751 | D:8      | Gained mutation: Your flesh is cold resistant. (rC+) [potion of mutation]
  7751 | D:8      | Gained mutation: Your magical capacity is low. (-10% MP) [potion of mutation]
  7751 | D:8      | Gained mutation: You have a pair of small horns on your head. [potion of mutation]
  7752 | D:8      | Lost mutation: Your flesh is cold resistant. (rC+) [potion of mutation]
  7752 | D:8      | Lost mutation: Your natural rate of healing is unusually fast. [potion of mutation]
  7752 | D:8      | Lost mutation: You have a pair of small horns on your head. [potion of mutation]
  7752 | D:8      | Lost mutation: Your magical capacity is low. (-10% MP) [potion of mutation]
  7752 | D:8      | Gained mutation: You have very sharp fingernails. [potion of mutation]
  7752 | D:8      | Gained mutation: Your mind is acute. (Int +2) [potion of mutation]
  7752 | D:8      | Gained mutation: You are robust. (+10% HP) [potion of mutation]
  7753 | D:8      | Lost mutation: Your mind is acute. (Int +2) [potion of mutation]
  7753 | D:8      | Gained mutation: You are somewhat resistant to further mutation. [potion of mutation]
  8076 | D:8      | Reached XP level 10. HP: 73/86 MP: 10/10
  8271 | D:8      | Reached *** piety under Wu Jian
  8277 | D:8      | Gained mutation: You are dopey. (Int -2) [mutagenic meat]
  8760 | D:8      | HP: 1/88 [steam dragon] (5)]
  8760 | D:8      | Mangled by a steam dragon

Vault maps used:
D:1:      dpeg_arrival_chambers_temple_mockup
D:2:      cheibrodos_old_hovel, yredelemnul_altar_generic, cheibriados_altar_1,
          chequers_temple_overflow_statue_of_worship, corexii_hall_statues_x,
          grunt_gozag_breadcrumbs, uniq_terence, uniq_natasha, uniq_sigmund
D:3:      first_bread, uniq_grinder
D:5:      minmay_temple_entry_enclosed_plants, basic_altar, uniq_edmund
D:6:      minmay_misc_feat_x
D:8:      erik_lair_dragon, enter_ossuary_5, serial_ice, serial_ice_c,
          serial_ice_d, serial_ice_n, serial_ice_k, serial_ice_e, serial_ice_m,
          grunt_ogre_cave, serial_bayou_pond_d
Temple:   eino_temple_scatter_basement
Ossuary:  ossuary_minmay_scorpions

Skill      XL: |  1  2  3  4  5  6  7  8  9 10 |
---------------+-------------------------------+-----
Throwing       | 2 3 4 5 6 7 |  7.1
Staves         | 3 4 5 6 7 |  7.4
Dodging        | 3 4 5 6 7 |  7.4
Fighting       | 3 4 5 6 7 |  7.8

Action                   |  1- 3 |  4- 6 |  7- 9 | 10-12 || total
-------------------------+-------+-------+-------+-------++-------
Melee: Quarterstaff      |    95 |    70 |   324 |    46 ||   535
       Kick              |    20 |    16 |   112 |    12 ||   160
       Headbutt          |       |       |    25 |       ||    25
Throw: Javelin           |       |     3 |     3 |       ||     6
       Tomahawk          |       |       |     2 |       ||     2
  Use: Scroll            |       |     7 |     8 |     1 ||    16
       Potion            |       |       |     7 |       ||     7
 Stab: Sleeping          |       |     5 |     4 |       ||     9
       Distracted        |       |       |     3 |       ||     3
  Eat: Chunk             |     1 |     8 |    19 |     7 ||    35
Armor: Leather armour    |    15 |    11 |    45 |     9 ||    80
       Chain mail        |       |     5 |       |       ||     5
       Skin              |       |       |     3 |       ||     3
Dodge: Dodged            |    51 |    25 |   199 |    33 ||   308

Table legend:
 A = Spawn XP
 B = Non-spawn XP
 C = Spawn XP percentage of total XP
 D = Spawn monster count
 E = Non-spawn monster count
 F = Spawn count percentage of total count
 G = Total turns spent on level
                    A         B        C        D         E        F      G
               +---------+---------+-------+---------+---------+-------+---------
         Total |       0 |    6774 |   0.0 |       0 |     184 |   0.0 |  8760
               +---------+---------+-------+---------+---------+-------+---------
           D:1 |       0 |      34 |   0.0 |       0 |      21 |   0.0 |   844
           D:2 |       0 |     420 |   0.0 |       0 |      21 |   0.0 |  1491
           D:3 |       0 |      46 |   0.0 |       0 |      13 |   0.0 |   546
           D:4 |       0 |     168 |   0.0 |       0 |       9 |   0.0 |   823
           D:5 |       0 |     814 |   0.0 |       0 |      13 |   0.0 |  1528
           D:6 |       0 |     752 |   0.0 |       0 |      10 |   0.0 |  1034
           D:7 |       0 |    1345 |   0.0 |       0 |      34 |   0.0 |   989
           D:8 |       0 |    2401 |   0.0 |       0 |      35 |   0.0 |  1093
       Ossuary |       0 |     794 |   0.0 |       0 |      28 |   0.0 |   356
               +---------+---------+-------+---------+---------+-------+---------
